 Dungeon Crawl Stone Soup version 0.30.1 (webtiles) character file.

Game seed: 11637191914279557573

447 Cheops the Basher (level 6, 0/51 HPs)
             Began as a Minotaur Fighter on July 10, 2023.
             Succumbed to a scorpion's poison
             ... on level 4 of the Dungeon.
             The game lasted 00:04:20 (2938 turns).

Cheops the Basher (Minotaur Fighter)                Turns: 2938, Time: 00:04:21

Health: 0/51       AC:  6    Str: 22    XL:     6   Next: 73%
Magic:  5/5        EV:  9    Int:  5    God:
Gold:   167        SH:  9    Dex: 10    Spells: 5/5 levels left

rFire   . . .        a - +0 flail
rCold   + . .        c - +0 buckler
rNeg    . . .        b - +0 scale mail
rPois   .            (helmet restricted)
rElec   .            (no cloak)
rCorr   .            (no gloves)
SInv    .            (no boots)
Will    .....        l - amulet of reflection Stlth
                     (no ring)
HPRegen 0.28/turn    v - ring of protection from cold
MPRegen 0.09/turn

%: reflection
@: lethally poisoned (0 -> -1), hasted, very quick
A: horns 2, retaliatory headbutt
a: no special abilities


You were on level 4 of the Dungeon.
You visited 1 branch of the dungeon, and saw 4 of its levels.

You collected 167 gold pieces.

Inventory:

Hand Weapons
 a - a +0 flail (weapon)
Missiles
 q - 33 stones (quivered)
 r - 3 boomerangs
Armour
 b - a +0 scale mail (worn)
 c - a +0 buckler (worn)
Jewellery
 l - an amulet of reflection (around neck)
 p - a ring of ice
 v - a ring of protection from cold (right hand)
Scrolls
 d - a scroll of poison {unknown}
 f - 3 scrolls of identify {unknown}
 h - 2 scrolls of enchant armour {unknown}
 j - a scroll of brand weapon {unknown}
 m - a scroll of blinking {unknown}
 o - a scroll of teleportation {unknown}
 s - a scroll of magic mapping {unknown}
 t - a scroll of fear {unknown}
 u - 2 scrolls of torment {unknown}
 w - a scroll of fog {unknown}
 x - 2 scrolls of vulnerability {unknown}
Potions
 g - a potion of lignification {unknown}
 i - a potion of mutation {unknown}
 k - a potion of ambrosia {unknown}
 n - a potion of degeneration {unknown}


   Skills:
 - Level 3.6 Fighting
 + Level 8.8 Maces & Flails
 - Level 3.6 Armour
 - Level 3.6 Shields


You had 5 spell levels left.
You didn't know any spells.
Your spell library contained the following spells:

 Spells                   Type           Power      Damage    Failure   Level
 Ozocubu's Armour         Ice            0%         N/A       99%         3
 Metabolic Englaciation   Hex/Ice        0%         N/A       100%        5
 Simulacrum               Ice/Necr       0%         N/A       100%        6


Dungeon Overview and Level Annotations

Branches:
Dungeon (4/15)
 Temple: D:4-7

Altars:
Kikubaaqudgha

Annotations:
D:1 1 exclusion


Innate Abilities, Weirdness & Mutations

You have a pair of horns on your head.
You reflexively headbutt those who attack you in melee.


Message History

You closely miss the scorpion.
The scorpion is heavily wounded.
You block the scorpion's attack.
You barely miss the scorpion.
The scorpion is heavily wounded.
You block the scorpion's attack.
The orc priest looks satisfied for a moment.
An orc comes into view. It is wielding a +0 war axe.
You hit the scorpion but do no damage. You headbutt the scorpion.
The scorpion is severely wounded.
The scorpion closely misses you. The scorpion stings you.
You are poisoned.
The scorpion poisons you!
You barely miss the scorpion. You headbutt the scorpion.
The scorpion is severely wounded.
You feel sick. The scorpion stings you.
You hit the scorpion.
You kill the scorpion!
You feel sick. The orc closely misses you. The orc hits you but does no damage.
You sock the iguana! Your headbutt misses the iguana.
The iguana is severely wounded.
You feel sick. The orc hits you with a +0 short sword.
You block the orc's attack. The iguana bites you.
You hit the iguana but do no damage.
The iguana is severely wounded.
You feel sick. The orc hits you but does no damage. The iguana bites you!
* * * LOW HITPOINT WARNING * * *
The orc misses you. You furiously retaliate!
You headbutt the orc, but do no damage. You hit the iguana but do no damage.
The iguana is severely wounded.
You feel sick. The orc hits you but does no damage.
The orc priest mumbles some strange prayers to Beogh against you.
Beogh smites you!
* * * LOW HITPOINT WARNING * * *
The orc hits you with a +0 whip.
* * * LOW HITPOINT WARNING * * *
You block the iguana's attack.
It was a potion of haste.
You feel yourself speed up.
You die...

.##.... .... .......
...... .......
........ .......
.....#..
.......###.....## #
......o..#......#..
......ol..........
..[...o@.)........
......o..)....##
.........)?..## ## #.
.............###.##..
.....................
...$..$#.....?.##..#
.#.................#.
#.##...#.#..........
.###.####..........


You could see an iguana, an orc priest and 3 orcs.

Vanquished Creatures
  Sigmund (D:3)
  2 scorpions
  An orc priest (D:3)
  2 orc wizards (D:3)
  An adder (D:2)
  A worm (D:3)
  2 dart slugs
  8 orcs
  5 endoplasms
  4 giant cockroaches
  8 goblins
  6 hobgoblins
  2 jackals (D:3)
  3 kobolds
  3 quokkas
  6 ball pythons
  6 bats
  7 frilled lizards
  8 rats
76 creatures vanquished.

Notes
Turn   | Place    | Note
-------+----------+-------------------------------------------
     0 | D:1      | Cheops the Minotaur Fighter began the quest for the Orb.
     0 | D:1      | Reached XP level 1. HP: 19/19 MP: 0/0
   159 | D:1      | Reached skill level 3 in Maces & Flails
   447 | D:1      | Reached XP level 2. HP: 26/26 MP: 1/1
   947 | D:2      | Found a faded altar of an unknown god.
   995 | D:2      | Identified the +2 long sword of Law {heavy, Stlth+}
  1002 | D:2      | Reached skill level 4 in Maces & Flails
  1109 | D:2      | Reached XP level 3. HP: 29/31 MP: 2/2
  1766 | D:3      | Reached skill level 5 in Maces & Flails
  1918 | D:3      | Reached XP level 4. HP: 34/39 MP: 3/3
  2000 | D:3      | Found an ancient bone altar of Kikubaaqudgha.
  2009 | D:3      | Noticed Sigmund
  2015 | D:3      | Killed Sigmund
  2016 | D:3      | Reached skill level 7 in Maces & Flails
  2016 | D:3      | Reached XP level 5. HP: 29/45 MP: 4/4
  2031 | D:3      | Reached XP level 6. HP: 27/51 MP: 5/5
  2246 | D:3      | Reached skill level 8 in Maces & Flails
  2937 | D:4      | HP: 1/51 [orc/+0 whip (3)]
  2938 | D:4      | Succumbed to a scorpion's poison

Illustrated notes

Levels and vault maps discovered:
D:1:      lightli_arrival_statuegarden, layout_basic, lemuel_flame_loot_1
D:2:      minmay_wonky_spiral, layout_rooms, dreamdust_ecumenical_altar_grove,
          serial_curves, eino_curves_02, eino_curves_02,
          minmay_fractal_squares_5
D:3:      layout_basic, kiku_gazebo_pond_becter, corexii_corridor_pit,
          grunt_decor_cap, minmay_misc_feat_encased, uniq_sigmund
D:4:      layout_cave_pools, mainiacjoe_overflow_brackets

Skill      XL: |  1  2  3  4  5  6 |
---------------+-------------------+-----
Maces & Flails | 3 4 5 7 8 |  8.8
Fighting       | |  3.6
Armour         | |  3.6
Shields        | |  3.6

Action                     |  1- 3 |  4- 6 || total
---------------------------+-------+-------++-------
  Melee: Flail             |    97 |    84 ||   181
         Headbutt          |    11 |    11 ||    22
    Use: Potion            |       |     2 ||     2
 Armour: Scale mail        |    48 |    26 ||    74
  Dodge: Dodged            |    51 |    17 ||    68
  Block: Buckler           |    35 |    29 ||    64
         Reflection        |     1 |       ||     1
